AoeStats
← CNZS_98T

African Clearing

504466287Analyzed
4v4 RM · 26d ago on Sep 5, 2026· 79m 18s· 8 players
Game mode
Random Map
Map size
Large (8 player)
Population
200
Speed
Normal
Resources
Standard
Victory
Conquest
Starting age
Dark Age
Ending age
Imperial Age
RankedLock teamsTeams togetherTeam positionsShared explorationLock speedFull tech treeHidden civsTurbo modeCheats
Victory
Defeat
🇨🇳 Armenians · China
2147
+2
🇨🇳 Mapuche · China
1989
+3
🇨🇳 Wei · China
1917
+4
🇳🇱 Malay · Netherlands
1901
+5
🇨🇳 Franks · China
1692
-6
🇨🇳 Inca · China
1618
-3
🇪🇸 Bulgarians · Spain
1614
-3
1552
-2
CNZS_迷你车仁
13:41 Feudal Age
17:28 Castle Age
15:38 Double-Bit Axe
15:51 Loom
17:09 Fishing Lines
18:59 Bow Saw
21:34 Gillnets
23:40 Horse Collar
24:36 Wheelbarrow
28:23 Hand Cart
31:19 Imperial Age
29:06 Fletching
29:39 Gold Mining
29:39 Stone Mining
30:30 Bodkin Arrow
31:50 Gold Shaft Mining
32:50 Ballistics
32:31 Padded Archer Armor
33:06 Bracer
34:08 Chemistry
34:51 Conscription
35:00 Block Printing
35:37 Guilds
35:57 Leather Archer Armor
36:50 Elite Composite Bowman
37:52 Conscription
40:21 Ring Archer Armor
40:23 Coinage
42:00 Banking
41:48 Scale Mail Armor
41:58 Forging
41:54 Fereters
42:24 Heavy Plow
42:28 Town Watch
45:28 Capped Ram
46:23 Siege Ram
48:02 Masonry
55:56 Caravan
56:00 Heavy Scorpion
65:44 Chain Mail Armor
67:08 Pikeman
67:09 Man-at-Arms
67:34 Gambesons
67:50 Halberdier
67:51 Long Swordsman
68:32 Squires
68:17 Arson
69:17 Two-Handed Swordsman
70:50 Plate Mail Armor
70:56 Iron Casting
69:59 Champion
73:58 Onager
76:33 Guard Tower
76:40 Murder Holes
77:05 Bombard Tower
CNZS_Bad Koala
9:54 Loom
19:57 Feudal Age
26:39 Double-Bit Axe
27:08 Horse Collar
28:55 Wheelbarrow
32:31 Castle Age
33:37 Bow Saw
33:29 Heavy Plow
34:04 Hand Cart
36:06 Gold Mining
36:06 Stone Mining
41:51 Caravan
43:11 Town Watch
43:37 Forging
43:33 Scale Barding Armor
43:28 Scale Mail Armor
44:40 Gold Shaft Mining
44:40 Stone Shaft Mining
44:10 Fletching
45:43 Chain Barding Armor
45:58 Iron Casting
45:32 Tuntian
48:13 Imperial Age
46:01 Bloodlines
45:51 Husbandry
48:18 Heavy Hei Guang Cavalry
49:21 Conscription
50:33 Blast Furnace
50:25 Ming Guang Armor
56:13 Bodkin Arrow
55:59 Light Cavalry
57:51 Coinage
60:25 Banking
60:39 Bracer
60:21 Treadmill Crane
60:52 Masonry
62:49 Hoardings
62:38 Ballistics
63:18 Chemistry
68:02 Capped Ram
70:39 Siege Ram
72:26 Padded Archer Armor
CNZS_98T
14:35 Feudal Age
18:08 Castle Age
16:42 Double-Bit Axe
17:45 Fishing Lines
20:48 Loom
25:55 Horse Collar
27:48 Stone Mining
27:49 Gold Mining
28:20 Heavy Plow
28:54 Bow Saw
29:33 Wheelbarrow
28:44 Town Watch
29:47 Gillnets
32:52 Imperial Age
31:01 Hand Cart
31:29 Forging
31:47 Elite Karambit Warrior
33:06 Iron Casting
33:21 Conscription
35:48 Blast Furnace
37:17 Squires
53:27 Crossbowman
54:18 Fletching
54:53 Ballistics
55:33 Chemistry
53:57 Arbalester
54:42 Thumb Ring
54:18 Pikeman
55:09 Bodkin Arrow
55:16 Padded Archer Armor
57:39 Bracer
58:15 Gold Shaft Mining
57:08 Elite Skirmisher
58:37 Caravan
65:36 Capped Ram
66:39 Siege Engineers
68:45 Leather Archer Armor
68:50 Elite Battle Elephant
69:31 Husbandry
71:10 Scale Barding Armor
72:56 Halberdier
75:09 Crop Rotation
74:30 Arson
77:06 Treadmill Crane
77:36 Masonry
78:41 Ring Archer Armor
_LY_lyx
11:34 Feudal Age
15:35 Castle Age
13:53 Double-Bit Axe
14:31 Horse Collar
17:58 Wheelbarrow
17:39 Heavy Plow
20:49 Loom
21:50 Bow Saw
23:20 Fletching
23:23 Gold Mining
24:31 Bodkin Arrow
25:23 Ballistics
26:24 Padded Archer Armor
26:57 Town Watch
27:18 Stone Mining
28:14 Hand Cart
33:05 Imperial Age
31:33 Forging
32:42 Stone Shaft Mining
33:52 Iron Casting
33:59 Butalmapu
34:15 Conscription
35:38 Blast Furnace
35:11 Malon
36:31 Gold Shaft Mining
35:22 Elite Kona
37:32 Chemistry
38:14 Coinage
39:38 Leather Archer Armor
40:34 Banking
41:26 Ring Archer Armor
40:59 Elite Bolas Rider
48:21 Hoardings
48:13 Town Patrol
52:25 Caravan
58:06 Crop Rotation
67:14 Capped Ram
69:15 Siege Engineers
小白77
12:51 Feudal Age
14:43 Double-Bit Axe
17:05 Castle Age
15:16 Horse Collar
15:48 Loom
18:08 Bow Saw
19:03 Wheelbarrow
22:10 Gold Mining
28:39 Imperial Age
25:58 Loom
26:23 Heavy Plow
26:25 Champi Runner
27:05 Squires
27:32 Scale Mail Armor
27:08 Champi Warrior
28:02 Arson
28:35 Chain Mail Armor
29:03 Forging
30:14 Gold Shaft Mining
30:31 Plate Mail Armor
30:43 Elite Champi Warrior
34:01 Iron Casting
33:59 Capped Ram
36:11 Blast Furnace
35:34 Conscription
36:20 Hand Cart
37:02 Town Watch
37:44 Stone Mining
38:10 Masonry
38:18 Fabric Shields
38:41 Fletching
39:14 Ballistics
41:02 Stone Shaft Mining
40:39 Treadmill Crane
41:20 Guilds
42:00 Coinage
42:15 Crop Rotation
42:03 Bodkin Arrow
43:33 Murder Holes
43:40 Bracer
46:11 Siege Ram
48:10 Banking
47:20 Elite Kamayuk
52:49 Caravan
53:53 Hoardings
54:48 Fortified Wall
58:18 Chemistry
57:24 Siege Engineers
58:27 Onager
63:01 Pikeman
BiliBili风间
10:52 Feudal Age
12:00 Double-Bit Axe
14:39 Forging
16:28 Loom
16:28 Town Watch
20:50 Castle Age
19:28 Scale Barding Armor
22:33 Chain Barding Armor
22:26 Bow Saw
23:56 Husbandry
32:41 Wheelbarrow
33:26 Gold Mining
36:57 Hand Cart
39:46 Imperial Age
39:51 Cavalier
41:42 Plate Barding Armor
41:42 Iron Casting
40:37 Capped Ram
42:22 Chemistry
41:58 Light Cavalry
45:49 Paladin
47:29 Gold Shaft Mining
48:22 Blast Furnace
47:15 Fletching
51:44 Bodkin Arrow
52:03 Caravan
55:58 Squires
59:34 Coinage
67:19 Conscription
67:00 Chivalry
71:42 Banking
沉香
13:22 Feudal Age
13:33 Loom
14:23 Double-Bit Axe
17:10 Castle Age
16:36 Fletching
18:03 Bodkin Arrow
18:47 Bow Saw
19:35 Padded Archer Armor
25:21 Town Watch
26:12 Wheelbarrow
26:54 Ballistics
28:07 Horse Collar
28:17 Gold Mining
28:19 Stone Mining
35:53 Imperial Age
34:44 Thumb Ring
36:42 Bracer
37:43 Chemistry
38:40 Hand Cart
38:20 Heavy Cavalry Archer
39:26 Parthian Tactics
39:19 Leather Archer Armor
40:22 Onager
41:46 Siege Engineers
43:32 Capped Ram
43:40 Siege Onager
47:08 Siege Ram
54:04 Scale Barding Armor
54:10 Forging
56:01 Bloodlines
55:51 Husbandry
55:14 Light Cavalry
58:55 Caravan
60:15 Hussar
61:29 Chain Barding Armor
63:02 Conscription
63:41 Plate Barding Armor
63:43 Iron Casting
64:53 Coinage
71:07 Blast Furnace
75:14 Elite Konnik
DZT_最菜又浪还犟
7:33 Loom
25:21 Feudal Age
28:55 Castle Age
28:31 Horse Collar
35:27 Stone Mining
41:33 Wheelbarrow
41:07 Gold Mining
45:06 Imperial Age
42:14 Pikeman
42:56 Squires
43:30 Scale Mail Armor
45:43 Chain Mail Armor
45:12 Halberdier
46:05 Forging
48:00 Plate Mail Armor
48:05 Capped Ram
49:39 Iron Casting
52:37 Blast Furnace
57:59 Scale Barding Armor
57:47 Light Cavalry
59:43 Chain Barding Armor
59:52 Bloodlines
59:45 Husbandry
60:57 Plate Barding Armor
70:35 Hussar
Connection lost

Rejoining the realm…

Still unreachable

The connection could not be restored.

Session expired

The server has moved on; the page needs a fresh start.